 Dungeon Crawl Stone Soup version 0.18-a0-1413-g4eaa9ac (webtiles) character file.

1815 Kilingo the Shooter (level 8, -4/68 HPs)
             Began as a Minotaur Hunter on Feb 25, 2016.
             Was a Believer of Cheibriados.
             Slain by an orc warrior
             ... wielding a +0 trident
              (11 damage)
             ... on level 7 of the Dungeon.
             The game lasted 02:19:08 (6450 turns).

Kilingo the Shooter (Minotaur Hunter)               Turns: 6450, Time: 02:19:08

Health: -4/68      AC:  9    Str: 26    XL:     8   Next: 85%
Magic:  8/10       EV: 16    Int: 20    God:    Cheibriados [**....]
Gold:   172        SH:  0    Dex: 18    Spells: 0 memorised, 7 levels left

rFire  . . .     SeeInvis .     a - +7 longbow (evade)
rCold  . . .     Gourm    .     N - +0 chain mail
rNeg   . . .     Faith    +     (shield currently unavailable)
rPois  .         Spirit   .     (helmet restricted)
rElec  .         Dismiss  .     (no cloak)
rCorr  .         Reflect  .     O - +0 pair of gloves "Biacluy" {-Tele Str+4 Int+7 Slay+3}
SustAt .         Harm     .     (no boots)
MR     .....     NoTele   +     l - amulet of faith
Stlth  ..........               (no ring)
                                (no ring)

@: very slow, not resistant to hostile enchantments, extremely unstealthy
A: retaliatory headbutt, horns 2
a: Bend Time, Renounce Religion


You were on level 7 of the Dungeon.
You worshipped Cheibriados.
Cheibriados was pleased with you.
You were hungry.

You visited 1 branch of the dungeon, and saw 7 of its levels.

You collected 371 gold pieces.
You spent 199 gold pieces at shops.

Inventory:

Hand Weapons
 a - a +7 longbow of evasion (weapon)
 b - a +4 whip
 o - a +1 dagger of venom
 s - a +2 shortbow of freezing
 y - a +2 war axe of chopping
Missiles
 d - 97 arrows
 t - 10 arrows of frost (quivered)
Armour
 c - a +0 scale mail
 G - a +2 leather armour of positive energy
 J - a +0 pair of gloves
 N - a +0 chain mail (worn)
 O - the +0 pair of gloves "Biacluy" (worn) {-Tele Str+4 Int+7 Slay+3}
   (You found it on level 6 of the Dungeon)

   It affects your strength (+4).
   It affects your intelligence (+7).
   It affects your accuracy and damage with ranged weapons and melee attacks
   (+3).
   It prevents most forms of teleportation.
Jewellery
 l - an amulet of faith (around neck)
 x - an uncursed ring of teleportation
Wands
 h - a wand of flame (20/48)
 C - a wand of slowing (20/48)
 L - a wand of slowing (35/48)
Scrolls
 e - a scroll of magic mapping {unknown}
 i - 2 scrolls of blinking
 j - 2 scrolls of amnesia {unknown}
 m - 3 scrolls of teleportation
 n - 2 scrolls of noise {unknown}
 p - a scroll of fear {unknown}
 r - 2 scrolls of random uselessness {unknown}
 w - 2 scrolls of enchant armour {unknown}
Potions
 q - a potion of might {unknown}
 u - 2 potions of degeneration {unknown}
 v - a potion of ambrosia {unknown}
 z - a potion of experience {unknown}
 D - a potion of invisibility {unknown}
 F - 2 potions of lignification {unknown}
 H - a potion of cancellation {unknown}
 K - a potion of heal wounds
 M - a potion of agility {unknown}
Books
 Q - the Guide on Changing and Envenoming
   (You found it on level 7 of the Dungeon)

   Spells                             Type                      Level
   a - Spider Form                    Transmutation/Poison         3
   b - Olgreb's Toxic Radiance        Poison                       4
   c - Hydra Form                     Transmutation                6
   d - Dragon Form                    Transmutation                7
Comestibles
 f - 3 bread rations
 k - a slice of pizza
 A - 2 meat rations
 E - a beef jerky
 I - 4 fruits
 P - 3 chunks of flesh


   Skills:
 + Level 5.1 Fighting
 - Level 2.0 Short Blades
 + Level 4.1 Maces & Flails
 - Level 6.2 Bows
 - Level 2.0 Armour
 + Level 4.6 Dodging
 - Level 4.0 Stealth
 + Level 4.0 Unarmed Combat
 + Level 4.9 Invocations
 * Level 0.8 Evocations


You had 7 spell levels left.
You didn't know any spells.

Dungeon Overview and Level Annotations

Branches:
Dungeon (7/15)
 Temple: D:4-7

Altars:
Ashenzari
Cheibriados
Elyvilon
Fedhas
Gozag
Kikubaaqudgha
Nemelex Xobeh
Ru
Yredelemnul
Zin
The Shining One

Shops:
D:4 %   D:5 }**

Annotations:
D:3 namelastname112's ghost, amateur DrGl


Innate Abilities, Weirdness & Mutations

You reflexively headbutt those who attack you in melee.
You have a pair of horns on your head.


Message History

The orc priest hits you but does no damage.
The orc priest calls upon Beogh to heal the orc warrior.
The orc warrior is healed somewhat.
The orc warrior barely misses you.
Drink which item? (? for menu, Esc to quit)
You feel better.
The orc warrior hits you from afar with a trident!
* * * LOW HITPOINT WARNING * * *
Things that are here:
a club; a leather armour You feel nimbler!
a - a +7 longbow of evasion (weapon)
Firing (i - inventory. (,) - cycle):
t - 11 arrows of frost (quivered)
Press: ? - help, Shift-Dir - straight line, f - orc warrior, p - orc priest
Aim: an orc warrior, wielding a trident and wearing a plate armour (lightly wounded)
You shoot an arrow of frost.
The arrow of frost hits the orc warrior!
The arrow of frost freezes the orc warrior.
The orc warrior is heavily wounded.
The orc warrior hits you from afar with a trident!
You die...

##...≈#≈≈≈≈#≈≈≈..........
#...≈≈§#≈≈≈≈#≈..........
#....≈§≈≈#≈≈≈≈..###.##+#
#..#)≈#≈≈≈≈#≈≈≈.###+#
#..§§≈≈≈#≈≈≈≈#≈..#
..##....o≈≈≈≈#≈≈≈≈..#
.........o(≈#≈≈≈≈.....#
..........o≈≈≈.(......#
##..######.)@...###..##
### ###..)#.###..#
#.........)..+
#......#.....#
+......#.....#
#......#.....#
#......#.....#
####..###...## #..###...#


You could see an orc warrior, an orc priest and an orc.

Vanquished Creatures
  Grinder (D:3)
  2 sky beasts (D:6)
  2 ogres (D:5)
  2 centaurs (D:5)
  Blork the orc (D:4)
  A giant frog (D:7)
  2 lava snakes (D:7)
  2 quasits
  A centaur zombie (D:7)
  An orc priest (D:4)
  A jelly (D:5)
  An orc wizard (D:5)
  A giant frog skeleton (D:5)
  A gnoll shaman (D:7)
  2 hounds
  A centaur skeleton (D:5)
  2 iguanas
  Terence (D:3)
  Ijyb (D:3)
  4 worker ants
  2 killer bee zombies (D:6)
  A hound zombie (D:6)
  A hound skeleton (D:6)
  A mummy (D:6)
  5 gnolls (D:7)
  10 adders
  A shadow imp (D:6)
  An ooze (D:1)
  An adder skeleton (D:4)
  4 worms
  2 dart slugs
  A giant gecko (D:3)
  19 orcs
  9 bats
  3 giant cockroaches
  6 goblins
  12 hobgoblins
  7 jackals
  13 kobolds
  3 quokkas
  A giant gecko skeleton (D:4)
  A giant gecko zombie (D:6)
  4 giant newts
  A hobgoblin zombie (D:6)
  2 kobold zombies (D:6)
  An orc zombie (D:6)
  11 rats
153 creatures vanquished.

Notes
Turn   | Place    | Note
--------------------------------------------------------------
     0 | D:1      | Kilingo the Minotaur Hunter began the quest for the Orb.
     0 | D:1      | Reached XP level 1. HP: 18/18 MP: 0/0
    68 | D:1      | Reached skill level 1 in Stealth
    80 | D:1      | Reached skill level 1 in Short Blades
    82 | D:1      | Reached XP level 2. HP: 12/25 MP: 1/1
   862 | D:2      | Reached XP level 3. HP: 30/30 MP: 2/2
  1419 | D:2      | Reached XP level 4. HP: 34/38 MP: 3/3
  1606 | D:3      | Noticed Ijyb
  1632 | D:3      | Killed Ijyb
  1632 | D:3      | Reached skill level 1 in Unarmed Combat
  1970 | D:3      | Noticed namelastname112's ghost (amateur DrGl)
  1980 | D:3      | Noticed Terence
  2020 | D:3      | Noticed Grinder
  2465 | D:3      | Reached XP level 5. HP: 45/45 MP: 4/4
  2516 | D:3      | Paralysed by Grinder for 3 turns
  2558 | D:3      | Paralysed by Grinder for 2 turns
  2564 | D:3      | Paralysed by Grinder for 2 turns
  2579 | D:3      | Killed Grinder
  2579 | D:3      | Reached skill level 5 in Bows
  2579 | D:3      | Reached XP level 6. HP: 32/51 MP: 5/5
  2721 | D:3      | Killed Terence
  3056 | D:4      | Found a snail-covered altar of Cheibriados.
  3106 | D:4      | Reached skill level 1 in Maces & Flails
  3123 | D:4      | Reached skill level 1 in Armour
  3196 | D:4      | Found a blossoming altar of Fedhas.
  3198 | D:4      | Found an opulent altar of Gozag.
  3198 | D:4      | Found a sacrificial altar of Ru.
  3198 | D:4      | Found an ancient bone altar of Kikubaaqudgha.
  3198 | D:4      | Found a basalt altar of Yredelemnul.
  3199 | D:4      | Found a shattered altar of Ashenzari.
  3391 | D:4      | Reached XP level 7. HP: 55/58 MP: 6/6
  3393 | D:4      | Found Caqit's Food Boutique.
  3453 | D:4      | Noticed Blork the orc
  3463 | D:4      | Killed Blork the orc
  3757 | D:4      | Became a worshipper of Cheibriados the Contemplative
  4165 | D:5      | Entered Level 5 of the Dungeon
  4185 | D:5      | Found an opulent altar of Gozag.
  4235 | D:5      | Found Wanesos's Gadget Shoppe.
  4358 | D:5      | Found Ismua's Assorted Antiques.
  4371 | D:5      | Reached skill level 1 in Invocations
  4420 | D:5      | Bought a scroll of identify for 52 gold pieces
  4420 | D:5      | Bought a runed longbow for 117 gold pieces
  4620 | D:5      | Found a glowing golden altar of the Shining One.
  4620 | D:5      | Found a white marble altar of Elyvilon.
  4620 | D:5      | Found a glowing silver altar of Zin.
  4736 | D:5      | Reached * piety under Cheibriados
  4743 | D:5      | Found Cieroladd's General Store.
  4757 | D:5      | Bought a scroll of identify for 30 gold pieces
  4798 | D:5      | Reached XP level 8. HP: 65/67 MP: 8/8
  5337 | D:6      | Got a pair of slimy gloves
  5348 | D:6      | Identified the cursed +0 pair of gloves "Biacluy" {-Tele Str+4 Int+7 Slay+3} (You found it on level 6 of the Dungeon)
  5896 | D:6      | Reached ** piety under Cheibriados
  5969 | D:6      | Reached skill level 5 in Fighting
  6319 | D:7      | Identified the Guide on Changing and Envenoming
  6370 | D:7      | Reached skill level 6 in Bows
  6413 | D:7      | Found a sparkling altar of Nemelex Xobeh.
  6450 | D:7      | Slain by an orc warrior

Vault maps used:
D:1:      dpeg_arrival_stone_temple_mockup
D:2:      kennysheep_nub
D:3:      first_bread, guppyfry_early_orc_mine, uniq_terence, uniq_iyjb,
          uniq_grinder
D:4:      cheibriados_altar_1, grunt_temple_overflow_open, serial_shops, shop,
          uniq_blork_the_orc
D:5:      good_gods_mini_temple, serial_shops, nicolae_shop_waterfront,
          shop_fountains, shop_fountains, grunt_gozag_breadcrumbs
D:6:      minmay_mini_ossuary
D:7:      nemelex_xobeh_ov_fountains_minmay, lemuel_temple_firewalk_marked,
          minmay_misc_feat_tiny, nicolae_lava_and_water

Skill      XL: |  1  2  3  4  5  6  7  8 |
---------------+-------------------------+-----
Stealth        | 1 2 3 4 |  4.0
Short Blades   | 1 2 |  2.0
Fighting       | 3 4 5 |  5.1
Unarmed Combat | 1 2 3 4 |  4.0
Bows           | 5 6 |  6.2
Dodging        | 3 4 |  4.6
Maces & Flails | 1 3 4 |  4.1
Armour         | 1 2 |  2.0
Invocations    | 2 4 |  4.9
Evocations     | |  0.8

Action                   |  1- 3 |  4- 6 |  7- 9 || total
-------------------------+-------+-------+-------++-------
Melee: Short sword       |    52 |    63 |       ||   115
       Whip              |       |    28 |   102 ||   130
       Dagger            |       |     1 |       ||     1
 Fire: Shortbow          |    60 |    98 |    40 ||   198
       Longbow           |       |       |    50 ||    50
Invok: Bend Time         |       |       |     2 ||     2
Evoke: Wand              |       |       |    13 ||    13
  Use: Scroll            |     1 |     6 |    13 ||    20
       Potion            |       |       |     7 ||     7
 Stab: Sleeping          |       |     1 |       ||     1
  Eat: Chunk             |     1 |     2 |     7 ||    10
       Bread ration      |       |     1 |       ||     1
